Map: Snowbound Colony

Players

couchman

  • Race: Terran Terran

CBagRun

  • Race: Zerg Zerg

HORSES - Winner!

  • Race: Zerg Zerg

Ecrotoss - Winner!

  • Race: Protoss Protoss

VOD

Have the link to the VOD?

Description

Time

  • Played on: Dec. 14, 2021, 12:43 a.m.
  • Length: 46:02
Show
View Real Time Build Order
Export as new Build Order

couchman Terran 

Build Orders:  

Get SALT Encoding   

  12  0:01  SCV  
  13  0:13  SCV  
  14  0:24  Supply Depot  
  14  0:27  SCV  
  15  0:46  SCV  
  15  0:49  Refinery  
  16  0:58  SCV  
  17  1:10  SCV  
  17  1:11  Barracks  
  18  1:22  SCV  
  19  1:35  Command Center  
  19  1:39  SCV  
  20  1:51  SCV  
  21  1:57  Refinery  
  21  1:59  Supply Depot  
  21  2:00  Barracks Tech Lab  
  21  2:03  SCV  
  22  2:16  SCV  
  22  2:21  Factory  
  23  2:28  SCV  
  24  2:32  Marine  
  24  2:36  Supply Depot  
  25  2:40  SCV  
  26  2:49  SCV  
  26  2:50  Marine  
  28  2:54  SCV  
  28  2:58  Supply Depot  
  29  3:02  SCV  
  30  3:07  Starport  
  30  3:10  Factory Reactor  
  30  3:21  SCV  
  30  3:23  SCV  
  32  3:33  SCV  
  33  3:35  SCV  
  34  3:42  Armory  
  34  3:45  SCV  
  34  3:47  SCV  
  36  3:51  Fusion Core  
  36  3:52  Starport Tech Lab  
  36  3:57  SCV  
  36  3:59  SCV  
  36  4:01  Refinery  
  38  4:04  Refinery  
  38  4:09  Widow Mine  
  41  4:10  SCV  
  41  4:22  SCV  
  41  4:24  SCV  
  43  4:34  SCV  
  43  4:36  SCV  
  45  4:41  Battlecruiser  
  51  4:54  Weapon Refit  
  51  5:18  Marine  
  50  5:36  Marine  
  51  5:53  Marine  
  51  6:03  Viking  
  53  6:11  Marine  
  54  6:28  Command Center  
  54  6:29  Marine  
  54  6:31  Command Center  
  55  6:33  Battlecruiser  
  55  6:38  Starport  
  61  7:13  SCV  
  56  7:15  Starport Tech Lab  
  56  7:25  Engineering Bay, SCV  
  57  7:37  SCV  
  57  7:40  Marine, Widow Mine x2  
  63  7:49  SCV  
  64  7:57  Terran Infantry Weapons Level 1  
  64  7:58  Marine  
  64  8:00  Terran Vehicle Weapons Level 1  
  64  8:01  SCV, Widow Mine x2  
  64  8:05  Engineering Bay  
  70  8:13  SCV  
  70  8:16  Marine  
  72  8:23  Refinery  
  72  8:34  Marine  
  73  8:52  Marine  
  74  9:09  Command Center  
  74  9:44  Battlecruiser  
  74  9:48  Battlecruiser  
  75  9:56  Marine  
  76  10:06  Terran Infantry Weapons Level 2  
  76  10:07  Barracks  
  76  10:08  Terran Infantry Armor Level 1  
  76  10:10  Terran Vehicle And Ship Armor Level 1  
  76  10:13  Marine  
  77  10:21  SCV  
  78  10:24  SCV  
  79  10:29  Refinery  
  79  10:31  Marine  
  79  10:33  SCV  
  81  10:36  SCV  
  81  10:40  Orbital Command  
  81  10:42  Orbital Command  
  82  10:45  SCV  
  82  10:48  Battlecruiser, SCV  
  82  10:49  Marine  
  91  10:54  Barracks  
  91  10:57  Barracks Reactor, SCV  
  92  11:15  Supply Depot  
  92  11:31  Command Center  
  92  11:37  Marine, Battlecruiser, Supply Depot, SCV  
  92  11:38  Starport  
  100  11:42  Barracks  
  100  11:59  Battlecruiser, SCV x2  
  100  12:00  Supply Depot  
  108  12:02  Neosteel Armor  
  108  12:05  Terran Ship Weapons Level 1  
  108  12:11  Engineering Bay  
  108  12:20  Starport  
  108  12:22  Hi-Sec Auto Tracking, SCV x2  
  110  12:24  Supply Depot  
  110  12:26  Refinery  
  110  12:30  Barracks  
  110  12:34  SCV x2  
  112  12:38  Supply Depot  
  112  12:41  Widow Mine x2  
  112  12:42  Battlecruiser  
  122  12:46  Supply Depot, SCV x2  
  124  12:57  Starport  
  126  12:58  SCV x2  
  126  13:01  Supply Depot  
  126  13:02  Widow Mine  
  126  13:03  Widow Mine, Bunker  
  126  13:05  Bunker  
  130  13:09  Supply Depot  
  130  13:10  SCV x2  
  132  13:16  SCV  
  133  13:22  SCV x2  
  133  13:23  Supply Depot  
  133  13:24  Widow Mine  
  137  13:28  SCV  
  137  13:33  Supply Depot  
  138  13:34  SCV x2  
  138  13:36  Starport  
  138  13:40  Battlecruiser, SCV  
  147  13:42  Starport Tech Lab  
  147  13:44  Starport Tech Lab x2  
  147  13:45  Supply Depot  
  147  13:46  SCV x2  
  149  13:52  SCV  
  150  13:56  Supply Depot  
  150  13:57  Refinery  
  150  13:59  SCV x2  
  152  14:04  SCV  
  152  14:05  Refinery  
  152  14:07  Refinery  
  152  14:09  Supply Depot  
  153  14:11  Refinery  
  153  14:18  Supply Depot  
  153  14:31  Supply Depot  
  153  14:37  Missile Turret  
  153  14:42  Bunker  
  153  14:51  Battlecruiser  
  153  14:52  Battlecruiser x4  
  183  14:53  Supply Depot  
  183  15:03  SCV  
  183  15:05  SCV  
  183  15:06  SCV  
  186  15:15  Supply Depot, SCV  
  186  15:17  Missile Turret, SCV  
  186  15:18  SCV  
  189  15:28  Terran Infantry Armor Level 2  
  189  15:30  SCV, Terran Infantry Weapons Level 3  
  189  15:31  Terran Vehicle And Ship Armor Level 2  
  190  15:37  Supply Depot  
  190  15:40  Armory  
  191  15:42  SCV  
  191  15:43  Barracks Reactor x3  
  191  15:46  Marine  
  191  15:47  Marine x2  
  194  15:55  SCV  
  195  16:04  Marine x3  
  197  16:11  Orbital Command  
  197  16:12  Orbital Command x2  
  197  16:22  Marine x3  
  200  16:50  Supply Depot  
  200  17:13  Supply Depot  
  200  17:36  Supply Depot  
  200  17:47  Terran Ship Weapons Level 2  
  200  17:58  Supply Depot  
  194  18:18  Missile Turret  
  194  18:21  Supply Depot  
  191  18:38  Missile Turret  
  191  18:44  Supply Depot  
  162  18:56  Missile Turret  
  138  19:07  Supply Depot  
  114  19:15  Missile Turret  
  114  19:21  Battlecruiser x5  
  114  19:23  Starport Tech Lab  
  144  19:25  Marine x9  
  144  19:29  Widow Mine  
  144  19:30  Widow Mine  
  157  19:33  Bunker  
  157  19:35  Missile Turret  
  157  19:42  Marine  
  157  19:43  Marine x8  
  166  19:46  Command Center  
  166  19:51  Widow Mine  
  168  19:54  Missile Turret  
  168  20:00  Marine, Command Center  
  168  20:01  Marine  
  168  20:06  Bunker  
  170  20:16  Missile Turret  
  170  20:25  Battlecruiser x5  
  200  20:35  Missile Turret  
  200  20:38  Missile Turret  
  200  20:53  Missile Turret  
  200  20:57  Missile Turret  
  200  21:02  Supply Depot  
  200  21:13  Missile Turret  
  200  21:24  Supply Depot  
  200  21:33  Missile Turret  
  200  21:53  Missile Turret  
  200  22:12  Missile Turret  
  188  22:31  Missile Turret  
  188  22:41  Command Center  
  186  23:38  Battlecruiser x2  
  198  23:55  Command Center  
  198  24:53  Viking  
  190  25:07  Command Center  
  182  26:29  Planetary Fortress  
  182  26:30  Planetary Fortress  
  182  27:19  SCV  
  183  27:23  Missile Turret  
  183  27:31  SCV  
  183  27:36  Bunker  
  184  27:42  Missile Turret  
  123  28:06  Bunker  
  123  28:07  Viking x4  
  123  28:08  Viking x2  
  135  28:25  Starport  
  129  28:35  Bunker  
  129  28:37  Viking x6  
  130  29:02  Starport  
  130  29:07  Viking x6  
  138  29:30  Missile Turret  
  138  29:37  Viking x6  
  150  29:41  Starport Reactor x2  
  150  29:43  Starport  
  150  29:50  Missile Turret  
  147  30:07  Viking x6  
  147  30:09  Missile Turret  
  159  30:18  SCV  
  159  30:19  Starport  
  152  30:30  SCV  
  140  30:40  Viking x6  
  151  30:42  SCV  
  151  30:43  Viking  
  151  30:44  Viking x4  
  161  31:05  Starport Reactor  
  161  31:10  Viking x5  
  171  31:13  Viking  
  171  31:14  Viking x3  
  138  32:44  Marauder  
  139  32:50  Hellion  
  139  32:51  Hellion  
  138  33:03  Battlecruiser  
  138  33:04  Battlecruiser x5  
  138  33:05  Marauder  
  176  33:12  Hellion x2  
  178  33:18  Barracks  
  178  33:27  Marauder  
  180  33:33  Hellion x2  
  154  33:55  Hellion  
  124  34:07  Barracks  
  124  34:08  Battlecruiser x3  
  98  34:56  Barracks  
  98  35:03  Orbital Command  
  98  35:10  Viking  
  98  35:12  Battlecruiser x3  
  118  35:40  Viking  
  120  35:45  Barracks  
  120  36:10  Viking  
  122  36:16  Battlecruiser  
  98  36:40  Viking  
  97  37:10  Viking  
  99  37:42  Orbital Command  
  97  38:08  SCV  
  80  38:35  Viking  
  82  39:05  Viking  
  84  39:17  Command Center  
  84  39:24  Command Center x2  
  84  39:35  Viking  
  84  39:56  Marine x2  
  86  40:14  Marine x2  
  85  40:32  Marine x2  
  85  40:35  Barracks  
  87  40:47  SCV  
  87  40:49  Marine x2, SCV  
  89  40:53  SCV  
  92  40:59  SCV  
  92  41:01  SCV  
  94  41:05  SCV  
  94  41:07  Marine x2  
  94  41:11  SCV  
  98  41:14  SCV  
  98  41:17  SCV  
  100  41:23  SCV  
  100  41:24  Barracks  
  100  41:25  Marine x2  
  103  41:26  SCV  
  103  41:29  SCV  
  104  41:35  SCV  
  102  41:43  Marine x2  
  102  41:46  SCV  
  98  41:54  Supply Depot  
  98  41:58  SCV  
  96  42:11  SCV  
  96  42:13  Barracks  
  97  42:17  Barracks Reactor x2  
  97  42:23  SCV  
  86  42:35  SCV  
  65  42:55  SCV  
  66  42:59  SCV  
  67  43:07  SCV  
  68  43:18  Barracks Reactor  
  69  43:20  SCV  
  69  43:21  SCV  
  69  43:23  SCV  
  71  43:32  SCV  
  71  43:33  SCV  
  69  43:44  SCV  
  60  44:19  SCV  
  60  44:21  Barracks Tech Lab  
  60  44:23  Barracks Reactor  
  61  44:25  SCV  
  61  44:27  SCV  
  61  44:31  SCV  
  64  44:38  Marine x4, SCV  
  67  44:39  SCV  
  67  44:43  SCV  
  71  44:50  SCV  
Show
View Real Time Build Order
Export as new Build Order

CBagRun Zerg 

Build Orders: Pool First, Lurkers 

Get SALT Encoding   

  12  0:00  Drone  
  13  0:09  Drone  
  14  0:24  Overlord  
  14  0:40  Spawning Pool  
  13  0:43  Drone x2  
  15  0:52  Overlord  
  15  1:03  Drone  
  16  1:17  Extractor  
  15  1:20  Drone x2, Extractor  
  16  1:28  Queen  
  18  1:37  Drone  
  19  1:49  Drone  
  19  1:50  Drone  
  21  2:07  Drone  
  22  2:15  Drone  
  23  2:26  Overlord  
  23  2:35  Drone  
  24  2:49  Hatchery  
  23  2:51  Drone x2  
  23  2:52  Drone  
  26  3:12  Lair  
  26  3:18  Drone x2  
  26  3:19  Drone  
  29  3:40  Hatchery  
  28  4:10  Drone x3  
  28  4:13  Drone x2  
  28  4:15  Queen  
  35  4:38  Hydralisk Den  
  34  4:45  Spire  
  31  5:01  Zergling x2  
  31  5:02  Zergling x6  
  28  5:08  Hydralisk x3  
  29  5:19  Pneumatized Carapace  
  29  5:28  Hydralisk  
  16  5:45  Hydralisk x2  
  20  5:56  Hydralisk x2  
  20  5:57  Hydralisk  
  20  6:19  Drone  
  20  6:20  Drone x4  
  25  6:50  Lurker Den  
  24  7:04  Hydralisk  
  24  7:05  Hydralisk  
  28  7:19  Drone  
  28  7:20  Drone  
  30  7:42  Spawning Pool  
  29  7:53  Lurker  
  29  7:54  Lurker x5  
  35  7:59  Lurker  
  36  8:14  Lurker  
  37  8:33  Drone x3  
  40  8:51  Mutalisk  
  42  9:03  Spine Crawler  
  42  9:09  Hydralisk  
  37  9:41  Spore Crawler  
  34  9:46  Spore Crawler  
  30  10:40  Drone x3  
  30  11:39  Lurker  
  31  11:46  Drone x3  
  31  12:14  Drone x2  
  30  12:18  Drone  
  31  12:43  Drone  
  31  12:44  Drone x2  
  34  13:07  Drone  
  34  13:08  Drone x2  
  37  13:16  Drone  
  37  13:17  Drone  
  39  13:21  Queen  
  41  13:35  Infestation Pit  
  40  13:44  Overlord x3  
  40  14:12  Drone  
  40  14:13  Drone x2  
  43  14:37  Drone x2  
  45  14:44  Zerg Flyer Armor Level 1  
  45  14:46  Corruptor x4  
  53  15:17  Drone x2  
  53  15:18  Drone  
  53  15:20  Queen  
  58  15:23  Drone x2  
  58  15:24  Drone  
  61  15:44  Corruptor  
  63  15:52  Corruptor x2  
  63  15:56  Overlord  
  67  15:57  Overlord  
  67  16:16  Hydralisk  
  67  16:17  Hydralisk x2  
  73  16:22  Hydralisk x2  
  77  16:39  Overlord  
  77  16:42  Overlord  
  77  16:50  Hatchery  
  76  16:57  Lurker x4  
  76  16:59  Lurker  
  81  17:17  Extractor  
  81  17:20  Extractor  
  59  19:43  Queen  
  59  19:45  Overlord x2  
  61  19:46  Overlord  
  61  19:53  Corruptor  
  61  19:54  Corruptor x6  
  61  19:57  Corruptor x3  
  81  20:32  Extractor  
  80  20:38  Extractor  
  79  20:58  Corruptor x3  
  79  21:02  Corruptor  
  87  21:34  Corruptor  
  87  21:35  Corruptor x2  
  87  21:37  Extractor  
  92  21:42  Extractor  
  91  21:48  Hatchery  
  90  22:24  Hydralisk x3  
  84  24:36  Hydralisk x3  
  90  24:39  Lurker x3  
  90  24:43  Corruptor x4  
  90  24:44  Corruptor x7  
  115  25:20  Hive  
  115  25:24  Drone  
  115  25:28  Drone x3  
  118  25:29  Drone  
  120  25:40  Zerg Flyer Armor Level 2  
  120  26:06  Overlord x3  
  120  26:07  Overlord  
  120  26:45  Drone x2  
  120  26:46  Drone  
  123  27:11  Hydralisk  
  123  27:12  Hydralisk  
  123  27:14  Hydralisk  
  129  27:22  Ultralisk Cavern  
  128  27:50  Spore Crawler  
  127  27:56  Zerg Flyer Weapons Level 1  
  127  28:13  Ultralisk x4  
  151  28:23  Overlord  
  151  28:24  Overlord x2  
  113  29:21  Corruptor x6  
  113  29:22  Corruptor x6  
  137  29:26  Lurker x3  
  140  29:54  Zerg Flyer Armor Level 3  
  140  29:57  Overlord  
  140  29:58  Overlord x4  
  140  30:47  Lurker  
  140  30:48  Lurker  
  143  30:50  Lurker  
  102  32:30  Zerg Flyer Weapons Level 2  
  102  32:35  Ultralisk x3  
  102  32:36  Ultralisk x3  
  134  32:42  Zergling x2  
  134  32:43  Zergling x8  
  24  37:17  Hydralisk  
  24  37:21  Drone  
Show
View Real Time Build Order
Export as new Build Order

HORSES Zerg - Winner!

Build Orders: Pool First 

Get SALT Encoding   

  12  0:07  Drone  
  12  0:09  Drone  
  14  0:17  Overlord  
  14  0:37  Drone  
  14  0:39  Drone  
  16  0:55  Spawning Pool  
  15  1:00  Drone x2  
  17  1:13  Drone x2  
  17  1:18  Extractor  
  18  1:28  Drone  
  19  1:34  Evolution Chamber  
  19  1:37  Drone  
  19  1:49  Queen  
  19  1:54  Drone  
  22  2:12  Hatchery  
  22  2:15  Overlord x2  
  21  2:35  Zergling x4  
  23  2:40  Metabolic Boost  
  23  2:45  Drone  
  24  3:05  Zergling x2  
  24  3:06  Zergling x8  
  24  3:12  Zerg Melee Weapons Level 1  
  29  3:17  Drone  
  30  3:26  Drone  
  31  3:28  Queen  
  31  3:33  Extractor  
  32  3:39  Drone x2  
  32  3:40  Drone x2  
  36  3:48  Drone x2  
  38  4:01  Drone  
  39  4:10  Zergling x10  
  44  4:20  Overlord  
  44  4:21  Overlord  
  44  4:23  Overlord  
  43  5:06  Zerg Ground Armor Level 1  
  32  6:13  Drone x4  
  36  6:20  Zergling x8  
  36  6:23  Drone  
  41  6:30  Drone  
  42  6:38  Overlord  
  42  6:45  Drone x3  
  45  6:49  Extractor  
  42  7:00  Zerg Missile Weapons Level 1  
  42  7:01  Extractor  
  41  7:08  Zergling x8  
  45  7:17  Overlord  
  45  7:19  Queen  
  47  7:30  Roach Warren  
  46  7:51  Zergling x6  
  46  7:52  Zergling x6  
  46  7:56  Drone  
  46  7:57  Drone x2  
  55  7:58  Drone  
  55  7:59  Drone x2  
  55  8:01  Drone x3  
  61  8:07  Zergling x2  
  47  9:11  Roach x7  
  47  9:12  Roach x2  
  65  9:20  Roach x3  
  65  9:21  Roach x2  
  75  9:26  Drone  
  76  9:31  Overlord x2  
  76  9:32  Overlord x2  
  76  10:08  Drone x3  
  76  10:09  Drone  
  74  10:37  Lair  
  61  11:03  Roach x2  
  61  11:04  Roach x7  
  73  11:05  Roach x5  
  89  11:16  Roach x3  
  89  11:17  Roach x4  
  101  11:44  Drone  
  102  11:49  Overlord  
  102  11:50  Overlord x3  
  102  11:53  Overseer  
  102  12:22  Hatchery  
  101  12:37  Hatchery  
  100  13:25  Glial Reconstitution  
  100  13:27  Zerg Ground Armor Level 2  
  100  13:53  Drone  
  100  13:54  Drone  
  100  13:55  Drone  
  103  14:01  Drone x2  
  105  14:09  Drone x3  
  108  14:34  Hydralisk Den  
  107  14:41  Infestation Pit  
  106  14:47  Spire  
  106  14:51  Roach x7  
  106  14:52  Roach x2  
  123  14:58  Drone x4  
  127  15:00  Extractor  
  127  15:06  Extractor  
  126  15:14  Drone  
  126  15:15  Drone  
  126  15:16  Drone  
  126  15:21  Overseer  
  128  15:24  Extractor  
  127  15:43  Zerg Melee Weapons Level 2  
  127  15:50  Drone  
  127  15:51  Drone  
  127  15:54  Drone  
  130  15:58  Drone x3  
  130  15:59  Drone x2  
  135  16:08  Zerg Flyer Armor Level 1  
  135  16:11  Grooved Spines  
  135  16:15  Corruptor x2  
  135  16:16  Corruptor x3  
  145  16:22  Overlord  
  145  16:23  Overlord x3  
  145  16:51  Corruptor x6  
  145  16:52  Corruptor  
  159  17:03  Drone x2  
  159  17:07  Hive  
  161  17:23  Muscular Augments  
  161  17:58  Zerg Missile Weapons Level 2  
  161  18:02  Zerg Flyer Weapons Level 1  
  109  19:30  Corruptor x3  
  115  19:33  Corruptor x2  
  115  19:34  Corruptor x7  
  115  19:37  Overlord x2  
  115  19:38  Overlord x3  
  133  19:42  Roach x4  
  133  19:43  Roach x7  
  155  19:52  Ultralisk Cavern  
  154  19:55  Nydus Network  
  154  19:58  Zerg Flyer Weapons Level 2  
  153  20:00  Adrenal Glands  
  153  20:14  Zerg Melee Weapons Level 3  
  153  20:38  Pneumatized Carapace  
  153  20:41  Lair  
  153  20:42  Lair  
  153  20:45  Ultralisk x3  
  153  20:48  Ultralisk x2  
  183  20:54  Roach x3  
  189  21:17  Ultralisk  
  195  21:32  Overseer  
  195  21:33  Overseer  
  195  22:14  Zerg Flyer Armor Level 2  
  197  22:44  Roach x2  
  199  22:51  Zerg Ground Armor Level 3  
  177  25:40  Roach x2  
  177  25:41  Roach  
  189  25:43  Ultralisk x2  
  195  26:06  Hatchery  
  195  26:11  Extractor  
  193  26:16  Extractor  
  193  26:18  Drone  
  193  26:19  Drone x2  
  195  26:53  Overlord  
  185  28:39  Zerg Flyer Weapons Level 3  
  177  28:41  Zerg Missile Weapons Level 3  
  177  28:43  Chitinous Plating  
  163  29:21  Nydus Canal  
  163  30:00  Ultralisk x5  
  163  30:01  Anabolic Synthesis, Roach  
  163  30:02  Roach x2  
  199  30:30  Hatchery  
  199  30:31  Extractor  
  199  30:33  Extractor  
  196  31:17  Zerg Flyer Armor Level 3  
  60  35:00  Ultralisk x3  
  60  35:01  Ultralisk x8  
  60  35:02  Roach x3  
  60  35:03  Roach x5  
  136  35:23  Corruptor x6  
  148  35:45  Roach  
  148  35:46  Roach x4  
  158  35:54  Greater Spire  
  156  36:11  Ultralisk x2  
  156  36:13  Roach  
  94  37:37  Ultralisk x4  
  94  37:39  Hydralisk  
  96  37:44  Zergling x4  
  96  37:45  Zergling x6  
  96  37:47  Zergling x6  
  98  37:52  Zergling x6  
  101  37:59  Drone  
  101  38:00  Drone x2  
  104  38:25  Zergling x10  
  109  38:38  Roach x7  
  123  38:45  Zergling x2  
  123  38:46  Zergling x2  
  60  40:49  Corruptor x6  
  58  40:50  Corruptor x6  
  78  41:03  Roach x4  
  86  41:05  Zergling x16  
  86  41:06  Zergling x6  
  81  42:02  Corruptor x2  
  81  42:03  Corruptor  
  77  43:41  Zergling x6  
  80  43:47  Nydus Canal  
Show
View Real Time Build Order
Export as new Build Order

Ecrotoss Protoss - Winner!

Build Orders: Carriers 

Get SALT Encoding   

  12  0:00  Probe  
  13  0:12  Probe  
  14  0:19  Pylon  
  14  0:25  Probe  
  15  0:30  Assimilator  
  15  0:37  Probe  
  16  0:49  Gateway  
  16  0:53  Probe  
  17  1:02  Assimilator  
  17  1:05  Probe  
  17  1:09  Pylon  
  18  1:25  Probe  
  18  1:30  Forge  
  19  1:38  Cybernetics Core  
  19  1:43  Gateway  
  19  2:06  Probe  
  20  2:18  Probe  
  21  2:24  Nexus  
  21  2:30  Probe  
  21  2:35  Stalker  
  24  2:37  Sentry  
  26  2:51  Warp Gate  
  26  2:53  Protoss Ground Weapons Level 1 (Chrono Boost)  
  26  3:23  Assimilator  
  26  3:28  Assimilator  
  26  3:35  Probe  
  27  3:41  Pylon  
  27  3:44  Pylon  
  27  3:47  Pylon  
  27  3:48  Probe  
  28  3:50  Pylon  
  28  4:00  Probe  
  29  4:12  Probe  
  31  4:24  Probe  
  31  4:31  Stargate  
  31  4:33  Stargate  
  31  4:35  Stargate  
  31  4:36  Probe  
  32  4:48  Probe  
  33  5:00  Probe  
  33  5:03  Pylon  
  34  5:12  Probe  
  33  6:07  Void Ray x3  
  43  6:25  Probe  
  44  6:36  Photon Cannon  
  44  6:37  Probe, Photon Cannon  
  45  6:40  Photon Cannon  
  45  6:42  Photon Cannon  
  45  6:44  Void Ray x2  
  45  6:49  Probe  
  45  6:51  Pylon  
  54  7:00  Cybernetics Core  
  54  7:15  Void Ray  
  58  7:31  Photon Cannon  
  58  7:33  Photon Cannon  
  58  7:35  Photon Cannon  
  58  7:37  Photon Cannon  
  58  7:49  Forge  
  58  7:51  Forge  
  58  8:04  Fleet Beacon  
  58  8:06  Stargate  
  58  8:08  Stargate  
  58  8:10  Stargate  
  58  8:16  Probe x2 (Chrono Boost)  
  62  8:27  Probe (Chrono Boost)  
  62  8:29  Probe (Chrono Boost)  
  62  8:35  Void Ray x3  
  50  10:02  Carrier x3  
  68  10:31  Nexus  
  68  10:37  Nexus  
  68  10:39  Robotics Facility  
  68  11:14  Pylon  
  68  11:22  Carrier  
  68  11:23  Carrier  
  80  11:37  Observer (Chrono Boost)  
  81  11:51  Observer (Chrono Boost), Carrier  
  88  11:55  Probe  
  88  11:59  Probe  
  90  12:07  Probe  
  91  12:19  Probe  
  92  12:32  Probe  
  93  12:53  Photon Cannon  
  93  12:55  Photon Cannon  
  93  13:01  Protoss Ground Armor Level 1 (Chrono Boost)  
  93  13:15  Probe  
  93  13:19  Protoss Air Weapons Level 1 (Chrono Boost)  
  94  13:20  Protoss Air Armor Level 1 (Chrono Boost)  
  94  13:22  Pylon  
  94  13:25  Pylon  
  94  13:27  Probe  
  94  13:28  Pylon  
  95  13:39  Probe  
  96  13:47  Warp Prism  
  98  13:50  Void Ray  
  98  13:51  Probe  
  103  14:05  Probe (Chrono Boost)  
  103  14:06  Probe (Chrono Boost)  
  105  14:16  Probe (Chrono Boost)  
  105  14:17  Probe (Chrono Boost)  
  107  14:22  Probe (Chrono Boost)  
  107  14:23  Probe (Chrono Boost), Warp Prism  
  111  14:30  Probe, Void Ray x2  
  112  14:32  Probe  
  112  14:34  Void Ray  
  121  14:43  Probe (Chrono Boost)  
  121  14:44  Probe (Chrono Boost)  
  127  14:55  Probe (Chrono Boost), Pylon  
  127  14:57  Pylon  
  127  14:59  Probe (Chrono Boost)  
  128  15:01  Pylon  
  129  15:13  Nexus  
  129  15:27  Void Ray  
  129  15:28  Void Ray x2  
  141  16:00  Twilight Council  
  141  16:10  Void Ray x5  
  141  16:14  Void Ray  
  165  16:39  Protoss Ground Weapons Level 2  
  165  16:42  Protoss Ground Armor Level 2  
  165  16:47  Probe  
  165  16:52  Protoss Air Weapons Level 2  
  165  16:53  Protoss Air Armor Level 2  
  166  17:00  Probe  
  167  17:12  Probe  
  160  18:14  Void Ray x4  
  146  19:01  Carrier  
  124  19:34  Gateway  
  124  19:35  Gateway  
  124  19:36  Gateway  
  124  19:44  Gateway  
  124  19:49  Gateway  
  124  19:53  Photon Cannon  
  124  20:09  Photon Cannon  
  124  20:16  Assimilator  
  124  20:18  Carrier  
  130  20:26  Protoss Ground Weapons Level 3  
  130  21:10  Assimilator  
  130  21:13  Assimilator  
  130  21:15  Assimilator  
  130  21:20  Assimilator  
  130  21:24  Assimilator  
  130  21:53  Pylon  
  130  21:56  Photon Cannon  
  130  21:59  Photon Cannon  
  130  22:01  Photon Cannon  
  130  22:05  Photon Cannon  
  130  22:07  Photon Cannon  
  118  22:46  Nexus  
  118  22:50  Pylon  
  118  22:52  Assimilator  
  118  22:53  Pylon  
  118  23:03  Carrier x2  
  130  23:12  Photon Cannon  
  130  23:13  Photon Cannon  
  130  23:16  Photon Cannon  
  130  23:18  Photon Cannon  
  130  23:19  Pylon  
  130  23:23  Pylon  
  130  23:27  Pylon  
  130  23:33  Carrier  
  136  23:57  Photon Cannon  
  136  23:59  Photon Cannon  
  136  24:03  Photon Cannon  
  136  24:04  Photon Cannon  
  136  24:05  Photon Cannon  
  136  24:09  Photon Cannon  
  136  24:10  Photon Cannon  
  135  24:51  Pylon  
  135  24:56  Pylon  
  135  25:18  Void Ray x2  
  135  25:20  Void Ray  
  147  25:42  Photon Cannon x2  
  147  25:45  Photon Cannon  
  147  25:47  Photon Cannon  
  147  25:50  Pylon  
  147  25:54  Pylon  
  147  26:29  Protoss Air Armor Level 3 (Chrono Boost)  
  147  26:38  Stalker x4  
  155  26:41  Zealot x3  
  161  26:52  Photon Cannon  
  161  26:53  Photon Cannon  
  161  26:55  Photon Cannon  
  161  26:57  Photon Cannon  
  161  27:07  Charge  
  161  27:14  Protoss Ground Armor Level 3  
  106  29:10  Void Ray x2  
  106  29:11  Void Ray x2  
  106  29:16  Carrier x2  
  134  29:32  Zealot x7  
  148  30:01  Zealot  
  148  30:02  Zealot x5  
  148  30:03  Zealot  
  162  30:14  Pylon  
  162  31:00  Observer  
  163  31:13  Mothership  
  171  31:21  Observer  
  172  31:42  Observer  
  143  32:37  Warp Prism  
  145  33:03  Zealot  
  145  33:04  Zealot x6  
  159  33:13  Warp Prism  
  134  34:33  Void Ray (Chrono Boost)  
  134  34:34  Void Ray x3 (Chrono Boost)  
  134  34:35  Void Ray x2 (Chrono Boost)  
  133  35:03  Void Ray  
  133  35:04  Void Ray x5  
  151  35:18  Zealot x5  
  151  35:19  Zealot x2  
  165  35:41  Zealot  
  165  35:42  Zealot x6  
  176  36:10  Pylon  
  172  36:12  Pylon  
  158  36:39  Void Ray x2  
  150  36:40  Void Ray  
  162  36:53  Photon Cannon  
  162  36:54  Photon Cannon  
  162  36:57  Photon Cannon  
  162  36:59  Photon Cannon  
  79  38:31  Zealot x2  
  79  38:32  Zealot x5  
  89  38:58  Zealot  
  89  38:59  Zealot x6  
  103  39:04  Nexus  
  102  39:40  Assimilator  
  102  39:43  Assimilator  
  74  41:03  Zealot x4  
  74  41:04  Zealot x3  
  82  41:08  Probe  
  85  41:20  Probe  
  86  41:31  Warp Prism  
  88  41:33  Probe  
  89  41:40  Void Ray  
  93  41:59  Zealot x2  
  93  42:00  Zealot x5  
  93  42:28  Void Ray x2  
  73  43:51  Pylon  
  73  43:54  Pylon  
  66  43:56  Pylon x2  
  66  43:57  Pylon  
  60  44:10  Zealot x3  
  60  44:11  Zealot x4  
  74  45:12  Zealot x3  
  74  45:13  Zealot x4  
Tags
 
Add a new tag
Caveats
  • Supply blocks, unpowered buildings, or Contaminate may cause inaccurate times.
  • Supply counts are checked every 10 seconds.